Map: Abyssal Reef LE

Players

ShoWTimE - Winner!

  • Race: Protoss Protoss
  • Spawn Location: 11:00

Namshar

  • Race: Zerg Zerg
  • Spawn Location: 5:00

Event: WCS Austin 2017

VOD

https://www.youtube.com/watch?v=VhDdpTjtH7g&t=25s

Description

Time

  • Played on: April 29, 2017, 1 p.m.
  • Length: 12:27

All games in this series

Show
View Real Time Build Order
Export as new Build Order

ShoWTimE Protoss - Winner!

Build Orders: Nexus First, Oracle Opening 

Get SALT Encoding   

  12  0:01  Probe (Chrono Boost)  
  13  0:11  Probe (Chrono Boost)  
  14  0:18  Pylon  
  14  0:22  Probe (Chrono Boost)  
  15  0:36  Probe (Chrono Boost)  
  16  0:46  Probe (Chrono Boost)  
  17  0:59  Nexus  
  17  1:08  Gateway  
  17  1:12  Probe (Chrono Boost)  
  17  1:16  Assimilator  
  18  1:22  Probe (Chrono Boost)  
  18  1:25  Assimilator  
  20  1:33  Probe (Chrono Boost)  
  20  1:34  Pylon  
  20  1:43  Probe (Chrono Boost)  
  21  1:54  Probe (Chrono Boost)  
  22  1:55  Cybernetics Core  
  22  1:56  Zealot  
  24  2:06  Probe (Chrono Boost)  
  25  2:11  Probe (Chrono Boost)  
  26  2:17  Probe (Chrono Boost)  
  26  2:21  Probe (Chrono Boost)  
  28  2:27  Probe (Chrono Boost)  
  28  2:28  Stalker  
  29  2:31  Warp Gate  
  29  2:33  Probe (Chrono Boost)  
  32  2:38  Probe (Chrono Boost)  
  34  2:44  Stargate  
  34  2:45  Probe (Chrono Boost)  
  34  2:49  Probe (Chrono Boost)  
  34  2:54  Adept  
  34  2:57  Probe (Chrono Boost)  
  37  3:00  Probe (Chrono Boost)  
  38  3:07  Pylon  
  38  3:10  Probe x2 (Chrono Boost)  
  40  3:15  Gateway  
  40  3:19  Gateway  
  40  3:22  Probe (Chrono Boost)  
  40  3:23  Probe (Chrono Boost)  
  40  3:24  Oracle  
  46  3:34  Probe (Chrono Boost)  
  46  3:35  Assimilator  
  46  3:36  Probe (Chrono Boost)  
  46  3:41  Pylon  
  47  3:46  Probe (Chrono Boost)  
  48  3:49  Twilight Council, Probe (Chrono Boost)  
  48  3:54  Adept  
  51  3:58  Probe (Chrono Boost)  
  51  3:59  Oracle  
  52  4:05  Probe (Chrono Boost)  
  52  4:09  Pylon  
  56  4:24  Resonating Glaives, Nexus  
  56  4:27  Pylon  
  56  4:35  Adept x2  
  56  4:36  Adept  
  62  4:39  Void Ray  
  66  4:47  Probe (Chrono Boost)  
  66  4:48  Probe (Chrono Boost)  
  68  4:54  Pylon  
  70  5:01  Probe x2 (Chrono Boost)  
  70  5:10  Adept x3  
  70  5:13  Assimilator, Probe x2 (Chrono Boost)  
  78  5:16  Pylon  
  78  5:22  Robotics Facility  
  78  5:27  Mothership Core (Chrono Boost)  
  81  5:28  Probe (Chrono Boost)  
  81  5:31  Adept x2  
  85  5:37  Adept  
  85  5:39  Probe (Chrono Boost)  
  85  5:40  Probe (Chrono Boost)  
  89  5:46  Probe (Chrono Boost)  
  89  5:49  Probe (Chrono Boost)  
  89  5:51  Adept  
  89  5:52  Probe (Chrono Boost), Adept  
  95  5:58  Probe (Chrono Boost)  
  95  5:59  Forge  
  95  6:00  Probe (Chrono Boost)  
  95  6:01  Sentry  
  99  6:04  Probe (Chrono Boost)  
  99  6:10  Probe (Chrono Boost)  
  99  6:11  Probe (Chrono Boost)  
  101  6:12  Sentry  
  101  6:13  Assimilator  
  101  6:16  Assimilator  
  101  6:17  Probe (Chrono Boost)  
  104  6:21  Probe (Chrono Boost)  
  104  6:23  Probe (Chrono Boost)  
  104  6:24  Protoss Ground Weapons Level 1  
  106  6:29  Probe (Chrono Boost), Sentry x2  
  106  6:30  Pylon  
  106  6:32  Probe (Chrono Boost), Pylon  
  104  6:33  Pylon  
  104  6:35  Probe (Chrono Boost)  
  106  6:41  Probe (Chrono Boost)  
  106  6:42  Probe (Chrono Boost)  
  105  6:47  Robotics Facility, Probe (Chrono Boost)  
  105  6:48  Pylon  
  103  6:56  Probe (Chrono Boost)  
  103  6:58  Templar Archives  
  103  7:01  Gateway  
  100  7:02  Gateway  
  100  7:07  Observer  
  95  7:13  Zealot  
  95  7:14  Zealot x2  
  97  7:19  Gateway  
  97  7:20  Gateway  
  97  7:22  Gateway  
  97  7:24  Gateway, Charge  
  97  7:26  Warp Prism  
  97  7:28  Psionic Storm  
  97  7:31  Pylon, Photon Cannon  
  97  7:35  Pylon  
  99  7:39  Immortal  
  99  7:42  High Templar  
  99  7:43  Zealot x2  
  109  7:59  High Templar x2  
  109  8:02  Immortal, Nexus  
  109  8:03  Photon Cannon  
  113  8:05  Pylon x2  
  113  8:11  Pylon  
  117  8:16  High Templar  
  119  8:21  Protoss Ground Weapons Level 2, Immortal  
  123  8:30  Adept  
  123  8:31  Adept x3  
  123  8:32  High Templar  
  123  8:33  Photon Cannon  
  133  8:38  Photon Cannon  
  133  8:39  Probe (Chrono Boost)  
  134  8:45  Probe x2 (Chrono Boost)  
  136  8:49  High Templar, Zealot x2  
  136  8:51  Probe (Chrono Boost)  
  136  8:54  Zealot x3  
  149  8:58  Assimilator  
  149  8:59  Immortal  
  149  9:01  Assimilator  
  153  9:18  Robotics Bay  
  153  9:22  Immortal  
  157  9:29  Zealot x5  
  167  9:32  Pylon  
  167  9:35  High Templar  
  167  9:36  Photon Cannon  
  167  9:37  High Templar x2  
  167  9:38  Immortal  
  173  9:42  Archon  
  177  9:48  Zealot  
  177  9:49  Zealot x3  
  185  9:55  Zealot x2  
  189  10:04  Disruptor  
  182  10:12  Disruptor  
  163  10:30  Zealot x9  
  181  10:40  Disruptor  
  172  10:43  Disruptor  
  166  10:56  Zealot x9  
  164  11:14  Immortal  
  164  11:16  Immortal  
  166  11:20  Zealot x7  
  172  11:38  Zealot x2  
  154  11:48  Disruptor  
  154  11:49  Nexus  
  148  11:55  High Templar x3  
  148  11:56  High Templar x4  
  148  12:01  Archon x3  
  160  12:08  Pylon  
  160  12:10  Pylon  
  160  12:14  Zealot x2  
  150  12:16  Pylon  
Show
View Real Time Build Order
Export as new Build Order

Namshar Zerg 

Build Orders: Hatch First 

Get SALT Encoding   

  12  0:00  Drone  
  13  0:12  Overlord  
  13  0:18  Drone  
  14  0:30  Drone  
  14  0:31  Drone  
  14  0:35  Drone  
  17  0:53  Hatchery  
  17  0:55  Drone  
  17  0:58  Drone  
  18  1:08  Extractor  
  17  1:13  Spawning Pool  
  17  1:16  Drone  
  17  1:20  Drone  
  18  1:28  Drone  
  19  1:38  Overlord  
  19  1:49  Drone  
  20  1:59  Queen  
  20  2:00  Zergling x2  
  23  2:04  Queen, Zergling x2  
  26  2:08  Metabolic Boost  
  26  2:11  Drone  
  26  2:15  Drone  
  28  2:21  Drone  
  29  2:27  Drone  
  30  2:32  Drone  
  31  2:38  Drone  
  31  2:40  Hatchery  
  31  2:45  Drone  
  31  2:49  Queen  
  34  2:53  Overlord  
  34  2:55  Drone  
  35  3:01  Overlord  
  36  3:05  Drone  
  36  3:12  Drone x2  
  38  3:13  Drone  
  38  3:14  Drone x2  
  38  3:15  Drone  
  38  3:16  Drone  
  43  3:20  Drone  
  43  3:24  Queen  
  46  3:30  Drone  
  46  3:31  Overlord  
  47  3:35  Drone  
  48  3:46  Overlord  
  48  3:49  Drone x6  
  48  3:53  Spore Crawler  
  53  3:56  Spore Crawler  
  53  3:57  Spore Crawler  
  53  3:59  Drone x3  
  54  4:06  Drone x2  
  56  4:15  Drone x3  
  59  4:20  Drone x3  
  62  4:26  Drone  
  62  4:27  Overlord x4  
  63  4:35  Lair  
  63  4:36  Extractor x2  
  60  4:39  Evolution Chamber  
  60  4:40  Drone x2  
  60  4:41  Drone x4  
  60  4:44  Drone  
  60  4:45  Overlord  
  66  4:51  Overlord  
  66  4:52  Drone  
  67  4:53  Extractor  
  67  5:00  Zergling x12, Roach Warren  
  66  5:10  Drone x3  
  66  5:12  Drone  
  66  5:13  Extractor  
  69  5:17  Drone x3, Zerg Missile Weapons Level 1  
  69  5:18  Drone x2  
  69  5:19  Drone  
  75  5:24  Drone  
  76  5:31  Overlord  
  76  5:32  Hatchery  
  76  5:33  Drone  
  76  5:35  Extractor  
  76  5:36  Overlord x2  
  76  5:37  Drone x3  
  71  5:51  Glial Reconstitution  
  71  5:55  Roach x6  
  71  5:56  Roach  
  87  5:58  Drone x2  
  87  6:01  Drone  
  87  6:02  Evolution Chamber  
  87  6:04  Hydralisk Den  
  88  6:10  Queen  
  90  6:18  Roach  
  90  6:19  Drone  
  90  6:20  Roach x5  
  90  6:21  Roach  
  90  6:25  Roach x5  
  110  6:28  Roach  
  110  6:30  Roach  
  101  6:38  Queen  
  91  6:41  Roach x2  
  92  6:51  Muscular Augments  
  80  7:08  Drone  
  80  7:09  Drone x5  
  80  7:11  Drone  
  85  7:17  Drone x2  
  85  7:18  Drone  
  88  7:29  Drone x3  
  91  7:30  Drone  
  91  7:31  Zerg Missile Weapons Level 2, Zerg Ground Armor Level 1  
  91  7:35  Drone  
  91  7:36  Drone  
  94  7:38  Drone  
  94  7:39  Drone x4  
  94  7:40  Drone  
  100  7:47  Drone  
  101  7:54  Hydralisk x2  
  101  7:55  Hatchery  
  108  8:00  Hydralisk x2  
  112  8:13  Hydralisk x2  
  112  8:16  Hydralisk x2  
  118  8:21  Hydralisk x3  
  124  8:29  Drone  
  124  8:30  Drone  
  124  8:32  Drone x4  
  130  8:34  Overlord, Hydralisk  
  130  8:35  Overlord, Lurker Den  
  130  8:50  Extractor  
  130  8:52  Extractor  
  130  8:53  Drone x5  
  130  8:55  Drone  
  134  8:56  Drone, Overlord x2  
  134  8:57  Drone, Overlord  
  134  8:58  Overlord x2  
  134  9:02  Overlord x2  
  136  9:03  Overlord, Overseer  
  132  9:10  Drone x3  
  132  9:11  Drone  
  132  9:13  Queen  
  137  9:30  Hydralisk  
  137  9:31  Hydralisk x7  
  153  9:42  Zerg Ground Armor Level 2  
  153  9:43  Hydralisk x3  
  159  9:50  Hydralisk x3  
  163  10:04  Queen  
  151  10:07  Hydralisk  
  151  10:08  Hydralisk x6  
  162  10:25  Hydralisk x5  
  154  10:46  Hydralisk x6  
  154  10:47  Hydralisk  
  150  11:00  Hydralisk x4  
  138  11:13  Hydralisk x6  
  142  11:21  Hydralisk  
  138  11:31  Hydralisk  
  138  11:32  Hydralisk x4  
  133  11:38  Hydralisk x2  
  117  11:51  Hydralisk x3  
  111  11:57  Hydralisk  
  113  12:03  Hatchery  
  113  12:05  Extractor  
  101  12:15  Hatchery  
  101  12:17  Extractor  
Tags
 
Add a new tag
Caveats
  • Supply blocks, unpowered buildings, or Contaminate may cause inaccurate times.
  • Supply counts are checked every 10 seconds.